 Dungeon Crawl Stone Soup version 0.17-a0-146-gd505748 (webtiles) character file.

161 Ngotmuk the Covered (level 5, -7/49 HPs)
             Began as a Deep Dwarf Fighter on Mar 25, 2015.
             Killed by nerve-wracking pain
             ... invoked by an orc priest
              (10 damage)
             ... on level 3 of the Dungeon.
             The game lasted 00:03:58 (1636 turns).

Ngotmuk the Covered (Deep Dwarf Fighter)            Turns: 1636, Time: 00:03:59

Health: -7/49      AC:  8    Str: 21    XL:     5   Next: 19%
Magic:  5/5        EV: 14    Int:  8    God:
Gold:   127        SH:  9    Dex: 12    Spells: 0 memorised, 4 levels left

rFire  + . .     SeeInvis .     a - +1 flail
rCold  . . .     Clarity  .     b - +0 scale mail
rNeg   . . .     SustAb   .     c - +0 shield
rPois  .         Gourm    .     (no helmet)
rElec  .         Spirit   .     (no cloak)
rCorr  .         Warding  .     (no gloves)
rMut   .         Stasis   .     g - +0 pair of boots
MR     .....                    (no amulet)
Stlth  ..........               q - +6 ring of evasion
                                k - ring of protection from fire

@: non-regenerating, not resistant to hostile enchantments, extremely unstealthy
A: damage resistance, recharge devices, sense surroundings 1, slow healing 3
a: Device Recharging


You were on level 3 of the Dungeon.
You were not hungry.

You visited 1 branch of the dungeon, and saw 3 of its levels.

You collected 127 gold pieces.

Inventory:

Hand weapons
 a - a +1 flail (weapon)
Armour
 b - a +0 scale mail (worn)
 c - a +0 shield (worn)
 g - a +0 pair of boots (worn)
Jewellery
 k - a ring of protection from fire (left hand)
 q - a +6 ring of evasion (right hand)
 u - an uncursed ring of protection from fire
Magical devices
 d - a wand of heal wounds (5)
Scrolls
 h - 2 scrolls of blinking {unknown}
 i - 2 scrolls of identify {unknown}
 j - a scroll of enchant armour {unknown}
 l - a scroll of fear {unknown}
 x - a scroll of remove curse {unknown}
Potions
 e - 2 potions of might
 n - a potion of resistance {unknown}
 o - a potion of restore abilities {unknown}
 p - a potion of magic {unknown}
 r - 3 potions of curing {unknown}
 s - a potion of mutation {unknown}
 t - a potion of haste {unknown}
 v - a potion of agility {unknown}
Comestibles
 f - a bread ration
 m - a beef jerky
 w - a slice of pizza
 z - a meat ration


   Skills:
 + Level 3.5 Fighting
 + Level 2.8 Maces & Flails
 + Level 4.1 Armour
 + Level 2.1 Dodging
 + Level 4.0 Shields


You had 4 spell levels left.
You didn't know any spells.

Dungeon Overview and Level Annotations

Branches:
Dungeon (3/15)

Altars:
Elyvilon
Fedhas
Xom
The Shining One


Innate Abilities, Weirdness & Mutations

You are resistant to damage.
You can recharge devices by infusing magical energy.
You passively map a small area around you.
You do not heal naturally.


Message History

The orc priest mumbles some strange prayers to Beogh against you.
Something smites you!
* * * LOW HITPOINT WARNING * * *
You closely miss the orc priest.
The orc priest is almost dead.
The orc priest looks braver.
The orc priest hits you with a dagger.
You hit the orc priest.
You kill the orc priest!
You have reached level 5!
You barely miss the orc priest.
The orc priest hits you but does no damage.
You closely miss the orc priest.
The orc priest prays to Beogh.
You feel troubled. You block the orc priest's attack.
You hit the orc priest!
The orc priest is severely wounded.
The orc priest mumbles some strange prayers to Beogh against you.
Pain shoots through your body!
You die...

#†## #.# *, #.# #.### #.#
#...# * , #+## ###.# ...##
#.# * ....## ####.# *
....(## ##.##.#
......####(..#.########...
......'.........@o........
,
......####...#.######.....
, .....## ##.##.# , *. *
....## ####.# ...## #.# *,
#'## #.# * #.# #.# , #.#
#.# * #.## #.#


You could see an orc priest.

Vanquished Creatures
  A giant frog (D:3)
  An orc priest (D:3)
  A gnoll (D:1)
  An adder (D:2)
  2 oozes
  5 orcs (D:3)
  4 bats
  3 goblins
  8 hobgoblins
  3 quokkas
  2 giant geckos
  2 giant newts
  5 kobolds
  6 rats
44 creatures vanquished.

Notes
Turn   | Place    | Note
--------------------------------------------------------------
     0 | D:1      | Ngotmuk, the Deep Dwarf Fighter, began the quest for the Orb.
     0 | D:1      | Reached XP level 1. HP: 20/20 MP: 1/1
    68 | D:1      | Reached XP level 2. HP: 22/27 MP: 2/2
   224 | D:1      | Reached skill level 1 in Dodging
   835 | D:2      | Reached XP level 3. HP: 24/33 MP: 3/3
   874 | D:2      | Found a white marble altar of Elyvilon.
   995 | D:2      | Found a shimmering altar of Xom.
   997 | D:2      | Found a shimmering altar of Xom.
   998 | D:2      | Found a shimmering altar of Xom.
   998 | D:2      | Found a shimmering altar of Xom.
  1024 | D:2      | Found a blossoming altar of Fedhas.
  1322 | D:3      | Found a glowing golden altar of the Shining One.
  1343 | D:3      | Noticed a giant frog
  1359 | D:3      | Killed a giant frog
  1359 | D:3      | Reached skill level 4 in Armour
  1359 | D:3      | Reached XP level 4. HP: 32/42 MP: 4/4
  1633 | D:3      | Reached XP level 5. HP: 3/49 MP: 5/5
  1636 | D:3      | Killed from afar by an orc priest

Action                   |  1- 3 |  4- 6 || total
-------------------------+-------+-------++-------
Melee: Flail             |   135 |    33 ||   168
  Use: Scroll            |     1 |       ||     1
       Potion            |     1 |       ||     1
  Eat: Bread ration      |     1 |       ||     1
